Map: Ruins of Seras

Players

dani

  • Race: Terran Terran

MorN

  • Race: Terran Terran
  • League: Diamond

Uniporn

  • Race: Terran Terran

FinnsoN

  • Race: Terran Terran
  • League: Diamond

VOD

Have the link to the VOD?

Description

Time

  • Played on: Nov. 15, 2015, 6:35 p.m.
  • Length: 6:47
Show
View Real Time Build Order
Export as new Build Order

dani Terran 

Build Orders:  

Get SALT Encoding   

  12  0:01  SCV  
  13  0:13  SCV  
  14  0:19  Supply Depot  
  14  0:35  SCV  
  15  0:43  Barracks  
  15  0:47  SCV  
  16  0:59  SCV, Refinery  
  16  1:02  Supply Depot  
  17  1:11  SCV  
  18  1:23  SCV  
  19  1:35  SCV  
  19  1:38  Barracks Tech Lab  
  20  1:47  Barracks  
  20  1:48  SCV  
  20  1:52  Barracks  
  21  2:00  SCV  
  21  2:11  Concussive Shells  
  21  2:12  SCV  
  22  2:17  Marauder  
  24  2:24  SCV  
  25  2:36  SCV  
  26  2:47  Command Center  
  26  2:54  Barracks Tech Lab  
  26  2:55  Barracks Reactor  
  26  2:59  Refinery  
  26  3:01  Orbital Command  
  25  3:26  SCV  
  26  3:35  Marauder  
  26  3:39  SCV  
  26  3:40  Marine, Marauder  
  26  3:41  Marine  
  30  3:51  SCV  
  31  4:13  Bunker  
  31  4:20  SCV  
  31  4:29  Marauder  
  30  4:33  SCV  
  30  4:34  Marine x2, Marauder  
  35  4:39  Bunker  
  34  4:50  Marauder  
  34  4:52  Marine x2  
  37  4:55  Marauder  
  39  5:12  Marauder  
  41  5:17  Marauder  
  41  5:20  SCV  
  43  5:27  Factory  
  43  5:33  SCV, Marauder  
  42  5:45  SCV  
  37  5:57  SCV  
Show
View Real Time Build Order
Export as new Build Order

MorN Terran 

Build Orders: 1/1/1 

Get SALT Encoding   

  12  0:00  SCV  
  13  0:12  SCV  
  14  0:18  Supply Depot  
  14  0:24  SCV  
  15  0:28  Refinery  
  15  0:43  Barracks  
  15  0:47  SCV  
  16  0:52  Refinery  
  16  1:02  SCV  
  17  1:14  SCV  
  18  1:29  Orbital Command  
  18  1:31  Reaper  
  19  1:41  Factory  
  19  1:54  Supply Depot  
  19  1:57  SCV  
  20  2:03  Reaper  
  21  2:09  SCV  
  22  2:21  SCV  
  23  2:25  Starport  
  23  2:30  Hellion  
  25  2:40  Supply Depot  
  25  2:41  Reaper  
  26  2:48  SCV  
  26  2:52  Hellion  
  28  3:02  SCV  
  29  3:09  Viking  
  31  3:14  Barracks Tech Lab  
  31  3:16  SCV  
  31  3:23  Factory Tech Lab  
  31  3:28  SCV  
  32  3:35  Stimpack, Marine  
  32  3:41  SCV  
  34  3:52  Command Center  
  34  3:57  SCV  
  34  3:58  Marine  
  36  4:04  Banshee  
  36  4:07  Factory Reactor  
  39  4:12  Cloaking Field  
  39  4:20  Supply Depot  
  39  4:26  Supply Depot  
  39  4:41  SCV, Marine  
  41  4:47  Raven  
  43  4:53  Barracks  
  43  4:54  Barracks  
  43  4:55  SCV  
  43  4:58  Factory Tech Lab  
  43  5:07  SCV  
  43  5:09  Orbital Command  
  43  5:13  Marine  
  45  5:19  SCV  
  45  5:20  Siege Tank  
  49  5:27  Engineering Bay  
  49  5:31  Marine  
  49  5:32  SCV  
  51  5:41  SCV  
  52  5:43  Barracks Reactor  
  52  5:45  Marine  
  52  5:46  Marine  
  54  5:50  SCV  
  54  5:53  Marine  
  56  5:57  SCV  
  56  6:02  Starport Reactor  
  57  6:04  SCV  
  57  6:08  Siege Tank  
  57  6:09  SCV  
  62  6:11  Marine  
  62  6:15  Marine  
  62  6:16  SCV  
  65  6:20  Marine x2  
  65  6:21  Marine  
  65  6:24  SCV  
  69  6:27  Supply Depot  
  69  6:34  SCV  
  70  6:40  Command Center, Supply Depot  
Show
View Real Time Build Order
Export as new Build Order

Uniporn Terran 

Build Orders:  

Get SALT Encoding   

Show
View Real Time Build Order
Export as new Build Order

FinnsoN Terran 

Build Orders:  

Get SALT Encoding   

Tags
 
Add a new tag
Caveats
  • Supply blocks, unpowered buildings, or Contaminate may cause inaccurate times.
  • Supply counts are checked every 10 seconds.